 Dungeon Crawl Stone Soup version 0.23.2-33-g5129a83184 (webtiles) character file.

Game seed: 12986163036344338373

420 Aesthetico the Archer (level 6, -6/47 HPs)
             Began as a Centaur Arcane Marksman on July 19, 2019.
             Mangled by a slave (9 damage)
             ... led by Pikel
             ... on level 4 of the Dungeon.
             The game lasted 00:17:16 (4551 turns).

Aesthetico the Archer (Centaur Arcane Marksman)     Turns: 4551, Time: 00:17:17

Health: -6/47      AC:  7    Str: 12      XL:     6   Next: 62%
Magic:  7/7        EV: 10    Int: 12      God:
Gold:   109        SH:  0    Dex: 11 (12) Spells: 6/7 levels left

rFire    . . .     SeeInvis +   a - +1 shortbow
rCold    . . .     Gourm    .   (shield currently unavailable)
rNeg     + . .     Faith    .   v - +2 robe {rN+}
rPois    .         Spirit   .   (no helmet)
rElec    .         Reflect  .   o - +0 cloak
rCorr    .         Harm     .   (no gloves)
MR       .....                  (no barding)
Stlth    +.........             (no amulet)
HPRegen  0.15/turn              h - ring of see invisible
MPRegen  0.10/turn              (no ring)

@: very quick
A: large, hooves 3, deformed body, speed 2, tough skin 3
a: no special abilities


You were on level 4 of the Dungeon.
You were not hungry.

You visited 1 branch of the dungeon, and saw 4 of its levels.

You collected 109 gold pieces.

Inventory:

Hand Weapons
 a - a +1 shortbow (weapon)
 q - a +0 trident
 u - a +0 dagger
Missiles
 d - 22 arrows (quivered)
 e - 8 tomahawks
Armour
 o - a +0 cloak (worn)
 v - a +2 robe of positive energy (worn)
 w - the +1 robe of Spring Thaw {+Blink rElec Dex-2}
   (You found it on level 4 of the Dungeon)

   It affects your dexterity (-2).
   It insulates you from electricity.
   It lets you blink.
Jewellery
 h - a ring of see invisible (left hand)
 j - an uncursed ring of poison resistance
 t - a +2 ring of dexterity
Scrolls
 g - a scroll of fear
 i - 2 scrolls of teleportation
 p - a scroll of enchant weapon
Potions
 b - 3 potions of brilliance {unknown}
 c - a potion of berserk rage {unknown}
 k - 2 potions of heal wounds {unknown}
 l - 3 potions of curing {unknown}
 m - a potion of mutation {unknown}
 r - a potion of resistance {unknown}
 s - a potion of haste {unknown}
Comestibles
 f - 2 rations
 n - a chunk of flesh


   Skills:
 - Level 1.0 Fighting
 + Level 9.4 Bows
 - Level 1.3 Dodging
 - Level 1.0 Spellcasting
 - Level 2.6 Hexes


You had 6 spell levels left.
You knew the following spells:

 Your Spells              Type           Power        Failure   Level  Hunger
a - Corona                Hex            #......      10%         1    ##.....

Your spell library contained the following spells:

 Spells                   Type           Power        Failure   Level  Hunger
 Slow                     Hex            #.......     16%         2    ###....
 Inner Flame              Hex/Fire       #.......     45%         3    ####...
 Portal Projectile        Hex/Tloc       #.....       45%         3    ####...
 Cause Fear               Hex            #.........   69%         4    #####..
 Leda's Liquefaction      Hex/Erth       #.........   86%         4    #####..


Dungeon Overview and Level Annotations

Branches:
Dungeon (4/15)
 Temple: D:4-7

Altars:
Cheibriados
Nemelex Xobeh
Sif Muna

Annotations:
D:4 Pikel


Innate Abilities, Weirdness & Mutations

You have hooves in place of feet.
Armour fits poorly on your strangely shaped body.
You cover ground very quickly.
You have extremely tough skin. (AC +3)


Message History

Press: ? - help, Shift-Dir - straight line, f/p - Pikel
Aim: Pikel, wielding a +2 whip of flaming and wearing a +0 robe (severely wounded)
You shoot an arrow.
The arrow hits Pikel but does no damage.
Pikel is severely wounded.
The slave completely misses you. The slave hits you!
Pikel hits you with a +2 whip of flaming.
Pikel burns you.
Firing (i - inventory. (/) - cycle)
d - 23 arrows (quivered)
Press: ? - help, Shift-Dir - straight line, f/p - Pikel
Aim: Pikel, wielding a +2 whip of flaming and wearing a +0 robe (severely wounded)
You shoot an arrow. The arrow closely misses Pikel.
The slave hits you!
* * * LOW HITPOINT WARNING * * *
Pikel hits you with a +2 whip of flaming.
* * * LOW HITPOINT WARNING * * *
Pikel burns you.
* * * LOW HITPOINT WARNING * * *
The slave barely misses you. The slave hits you!
You die...

....# #..........# #.#
....# #..........# #.#
#...# #..........# #.#
#...# ###############.#
##.##### #......##..#
#....... #......##..#
.........###......##.>#
.(.............<...†..#
........ #.pp%@..##.#
........ #..Kp##.##.#
........ #.(..##.##.#
.....#.. ...(...#..# .#
#......$...#(...#.## .#
.........>.....#. .#
...........(.....
....... ..(......
.......


You could see Pikel and 3 slaves.

Vanquished Creatures
  An orc warrior (D:3)
  A howler monkey (D:4)
  A crimson imp (D:3)
  A quasit (D:2)
  2 orc wizards (D:3)
  A worker ant (D:4)
  3 adders
  An ooze (D:3)
  A worm (D:3)
  3 dart slugs (D:1)
  5 leopard geckos
  14 orcs
  2 ball pythons
  10 bats
  3 giant cockroaches
  11 goblins
  3 hobgoblins
  2 jackals (D:1)
  2 quokkas
  A frilled lizard (D:1)
  12 kobolds
  5 rats
85 creatures vanquished.

Vanquished Creatures (others)
  A plant (D:3)
1 creature vanquished.

Grand Total: 86 creatures vanquished

Notes
Turn   | Place    | Note
-------+----------+-------------------------------------------
     0 | D:1      | Aesthetico the Centaur Arcane Marksman began the quest for
                  | the Orb.
     0 | D:1      | Reached XP level 1. HP: 16/16 MP: 2/2
    39 | D:1      | Reached skill level 3 in Bows
    54 | D:1      | Reached XP level 2. HP: 22/23 MP: 3/3
   107 | D:1      | Reached skill level 4 in Bows
   337 | D:1      | Reached XP level 3. HP: 28/28 MP: 4/4
   499 | D:1      | Reached skill level 5 in Bows
  1669 | D:2      | Reached XP level 4. HP: 35/35 MP: 5/5
  1676 | D:2      | Found a sparkling altar of Nemelex Xobeh.
  1745 | D:2      | Found a snail-covered altar of Cheibriados.
  1890 | D:2      | Reached skill level 6 in Bows
  1900 | D:2      | Found a deep blue altar of Sif Muna.
  2418 | D:3      | Reached XP level 5. HP: 40/40 MP: 4/6
  2495 | D:3      | Reached skill level 7 in Bows
  3283 | D:3      | HP: 2/40 [orc wizard/+0 dagger (4)]
  3982 | D:4      | Noticed an orc warrior
  3999 | D:3      | Reached skill level 8 in Bows
  4270 | D:3      | Killed an orc warrior
  4270 | D:3      | Reached skill level 9 in Bows
  4270 | D:3      | Reached XP level 6. HP: 25/47 MP: 7/7
  4370 | D:4      | Got a bloodstained robe
  4381 | D:4      | Identified the cursed +1 robe of Spring Thaw {+Blink rElec
                  | Dex-2} (You found it on level 4 of the Dungeon)
  4535 | D:4      | Noticed Pikel
  4538 | D:4      | Noticed a slave
  4542 | D:4      | Noticed a slave
  4546 | D:4      | Noticed a slave
  4551 | D:4      | Mangled by a slave

Skill      XL: |  1  2  3  4  5 |
---------------+----------------+-----
Bows           | 3 4 5 6 9 |  9.4
Fighting       | |  1.0
Dodging        | |  1.3
Spellcasting   | |  1.0
Hexes          | |  2.6

Action                   |  1- 3 |  4- 6 || total
-------------------------+-------+-------++-------
Melee: Dagger            |       |    59 ||    59
       Shortbow          |       |    37 ||    37
       Kick              |       |    15 ||    15
       War axe           |       |    13 ||    13
 Fire: Shortbow          |   118 |   193 ||   311
 Cast: Corona            |     1 |       ||     1
  Use: Scroll            |       |     6 ||     6
  Eat: Ration            |       |     2 ||     2
       Chunk             |       |     2 ||     2
Armor: Robe              |    26 |   107 ||   133
Dodge: Dodged            |    35 |   128 ||   163
